 BcadrenCrawl: Boulder Brew version 0.03.2.1-32-g00f802a9a0 (webtiles) character file.

Game seed: 6568344607749938174, levelgen mode: deterministic

3435 esc the Lasher (level 10, -3/52 HPs) Gargoyle Noble. Began on Jan 22, 2021. Was an Initiate of Gozag Ym Sagoz. Slain by a two-headed ogre ... wielding a +0 giant spiked club (23 damage) ... on level 4 of the Dungeon. The game lasted 00:14:17 (3645 turns).

esc the Lasher (Gargoyle Noble)                     Turns: 3645, Time: 00:14:27

Health: -3/52      AC: 12    Str: 20    XL:     10 ^: 4319
Magic:  11/11      EV:  4    Int: 11    God:    Gozag Ym Sagoz
Gold:   2099       SH:  6    Dex: 10    Spells: 11/11 levels left

rFire    . . .     Vision   .   c - +2 demon whip (elec)
rCold    . . .     Gourm    .   d - +0 nunchaku
rNeg     + . .     Faith    .   f - +0 ring mail
rPois    ∞         Spirit   .   (no helmet)
rElec    +         Reflect  .   (no cloak)
rCorr    .         Harm     .   (no gloves)
MR       .....                  (no boots)
Stlth    ++........             n - amulet of regeneration
HPRegen  0.67/turn              i - ring of stealth
MPRegen  0.21/turn              (no ring)

@: no status effects
A: negative energy resistance 1, electricity resistance, unbreathing,
petrification resistance, rot immunity, AC +7
a: Potion Petition, Call Merchant, Bribe Branch, Renounce Religion


You were on level 4 of the Dungeon.
You worshipped Gozag Ym Sagoz.
Gozag Ym Sagoz was most pleased with you.
You were not hungry.

You visited 1 branch of the dungeon, and saw 4 of its levels.
You also visited: Market.

You collected 2122 gold pieces.
You spent 978 gold pieces at shops.
You paid 45 gold pieces to Gozag.

Inventory:

Weapons
 c - a +2 demon whip of electrocution (weapon) Shields
 d - a +0 nunchaku (weapon)
Armour
 a - a +0 robe
 f - a +0 ring mail (worn)
Jewellery
 i - a ring of stealth (left hand)
 k - a cursed amulet of reflection {(Curse: *Slow Dex-5)}
 n - an amulet of regeneration (around neck)
Wands
 s - a wand of polymorph (14)
 t - a wand of iceblast (3)
Scrolls
 l - 4 scrolls of magic mapping
 m - 3 scrolls of blinking
 o - a scroll of amnesia
 r - 2 scrolls of teleportation
Potions
 e - 5 potions of heal wounds
 g - a potion of cancellation
 h - a potion of magic
 j - a potion of curing
 p - a potion of ambrosia
 q - 3 potions of might
Comestibles
 b - 9 rations


   Skills:
 - Level 1.1 Fighting
 + Level 13.4 Whips & Flails
 - Level 1.1 Stealth
 - Level 1.0 Spellcasting


You had 11 spell levels left.
You didn't know any spells.
Your spell library contained the following spells:

 Spells                   Type           Power        Failure   Level  Hunger
 Magic Candle             Hex/Fire       0 (90)       38%         1    ##.....
 Slow                     Hex            0 (100)      52%         2    ###....
 Inner Flame              Hex/Fire       0 (100)      77%         3    ####...
 Portal Projectile        Chrm/Tloc      0 (50)       77%         3    ####...
 Cause Fear               Hex            0 (200)      99%         4    #####..
 Leda's Liquefaction      Tmut/Erth      0 (200)      99%         4    #####..


Dungeon Overview and Level Annotations

Branches:
Dungeon (4/8)              Temple (0/1) D:4

Altars:
Dithmenos
Gozag Ym Sagoz
Okawaru
Qazlal
Ru
Trog
Xom

Annotations:
D:3 2 transporters


Innate Abilities, Weirdness & Mutations

You are resistant to torment.
Your stone body is resilient. (AC +7)
You are immune to poison.
You resist negative energy. (rN+)
You are resistant to electric shocks. (rElec)
You can survive without breathing.
You are immune to petrification.
You are immune to rotting.


Message History

As you read the scroll of bless item, it crumbles to dust.
Your +2 demon whip crackles with electricity.
c - a +2 demon whip of electrocution (weapon)
A leopard gecko comes into view.
The leopard gecko hisses angrily.
You whack the leopard gecko (9)!
Lightning courses through the leopard gecko (4).
You kill the leopard gecko!
You now have 2099 gold pieces (gained 4).
A two-headed ogre comes into view.
The two-headed ogre shouts in stereo!
You whack the two-headed ogre (9)!
Lightning courses through the two-headed ogre (5).
You sock the two-headed ogre (11)!
The two-headed ogre is heavily wounded. (27/52) HP The two-headed ogre hits you with a +0 giant spiked club (32)!!
Ouch! That really hurt!
The two-headed ogre hits you with a +0 giant club (23)!!
You die...
Your body crumbles into a pile of gold.

##.# #..# #..# #..#
#..# #).# #O.# #@.#
#..# #..# #####
#..# ....# #..#
###.# #..#
###.############..#
..................#
.##...............#


You could see a two-headed ogre.

Vanquished Creatures
  The ghost of casual the Insei, a novice GnTm (D:3)
  A wolf spider zombie (D:4)
  Purgy (D:2)
  A water moccasin (D:2)
  A necrophage (D:4)
  An orc warrior (D:4)
  A scorpion (D:3)
  An ice beast (D:4)
  2 porcupines
  3 ogres
  A crocodile (D:2)
  3 big kobolds (D:2)
  3 bullfrogs
  A meliai zombie (D:4)
  3 howler monkeys
  3 orc priests
  A hound (D:3)
  10 jellies
  4 orc wizards
  An iguana (D:4)
  2 worker ants
  7 giant cockroaches
  2 bullfrog skeletons
  4 adders
  6 gnolls (D:3)
  38 sewer rats (D:2)
  7 cinder newts
  4 oozes
  A howler monkey skeleton (D:3)
  A dart slug (D:1)
  3 leopard geckos
  19 orcs
  5 adder skeletons (D:2)
  7 bats
  A cinder newt skeleton (D:2)
  6 goblins (D:1)
  8 hobgoblins (D:1)
  8 jackals (D:3)
  3 quokkas
  6 ball pythons (D:2)
  A ball python skeleton (D:3)
  2 bat skeletons (D:2)
  A goblin skeleton (D:2)
  8 kobolds
  6 rats (D:1)
199 creatures vanquished.

Vanquished Creatures (others)
  A jelly (D:2)
  A bat (D:2)
  5 kobolds (D:2)
  A butterfly (D:2)
  A giant blowfly (D:2)
  2 plants (D:4)
  132 withered plants (D:2)
143 creatures vanquished.

Grand Total: 342 creatures vanquished

Notes
Turn   | Place    | Note
-------+----------+-------------------------------------------
     0 | Start Ma | esc the Gargoyle Noble began the quest for the Orb.
     0 | Start Ma | Reached XP level 1. HP: 12/12 MP: 2/2
     0 | Start Ma | Found Sufax's Mashing MeleeMart.
     6 | Start Ma | Found Uviodoru's Auxillary Armour.
     7 | Start Ma | Bought a +0 demon whip for 600 gold pieces
    14 | Start Ma | Found Daokhudgh's Expert Tomes.
    19 | Start Ma | Bought a +0 nunchaku for 378 gold pieces
    27 | D:1      | esc set off with the following items: a +0 robe, a ration,
                  | a +0 demon whip, a +0 nunchaku
    98 | D:1      | Reached skill level 1 in Whips & Flails
   114 | D:1      | Reached XP level 2. HP: 16/16 MP: 3/3
   223 | D:1      | Reached skill level 2 in Whips & Flails
   223 | D:1      | Reached XP level 3. HP: 17/20 MP: 4/4
   266 | D:1      | Reached skill level 3 in Whips & Flails
   333 | D:1      | Reached XP level 4. HP: 25/25 MP: 5/5
   563 | D:1      | Reached skill level 4 in Whips & Flails
   655 | D:2      | Noticed a bullfrog
   661 | D:2      | Killed a bullfrog
   661 | D:2      | Reached XP level 5. HP: 13/29 MP: 6/6
   671 | D:2      | Reached skill level 5 in Whips & Flails
   740 | D:2      | Noticed Purgy
   843 | D:2      | Reached XP level 6. HP: 24/34 MP: 7/7
   978 | D:2      | Reached skill level 6 in Whips & Flails
  1086 | D:2      | Killed Purgy
  1086 | D:2      | Reached skill level 7 in Whips & Flails
  1086 | D:2      | Reached XP level 7. HP: 27/38 MP: 8/8
  1159 | D:2      | Reached skill level 8 in Whips & Flails
  1434 | D:2      | Found an iron altar of Okawaru.
  1589 | D:2      | Reached XP level 8. HP: 43/43 MP: 9/9
  1590 | D:2      | Found an opulent altar of Gozag.
  1597 | D:2      | Became a worshipper of Gozag Ym Sagoz the Greedy
  1644 | D:2      | Reached skill level 9 in Whips & Flails
  2048 | D:2      | Found a stormy altar of Qazlal.
  2063 | D:2      | Reached skill level 10 in Whips & Flails
  2438 | D:3      | Found a shimmering altar of Xom.
  2442 | D:3      | Found a sacrificial altar of Ru.
  2454 | D:3      | Reached skill level 11 in Whips & Flails
  2454 | D:3      | Reached XP level 9. HP: 40/47 MP: 10/10
  2457 | D:3      | Identified a scroll of acquirement
  2484 | D:3      | Found a transporter.
  2503 | D:3      | Identified Nytofi Sasu's Guide on Flight and Snow (You
                  | acquired it on level 3 of the Dungeon)
  2656 | D:3      | Found a bloodstained altar of Trog.
  2894 | D:3      | Noticed casual's ghost (novice GnTm)
  2905 | D:3      | Killed casual's ghost
  2922 | D:3      | Found a transporter.
  3207 | D:4      | Reached skill level 12 in Whips & Flails
  3389 | D:4      | Found a staircase to the Ecumenical Temple.
  3418 | D:4      | Found a shadowy altar of Dithmenos.
  3470 | D:4      | Reached skill level 13 in Whips & Flails
  3501 | D:4      | Reached XP level 10. HP: 36/52 MP: 11/11
  3640 | D:4      | Noticed a two-headed ogre
  3645 | D:4      | Slain by a two-headed ogre

Levels and vault maps discovered:
D:1:      psy_arrival_dodecagon, layout_rooms, first_ration,
          guppyfry_early_orc_mine
D:2:      layout_sewer, okawaru_trees_1,
          nicolae_gozag_cash_rules_everything_around_me, serial_column_ruins,
          column_ruins_hut, column_ruins_open_small_water,
          column_ruins_corridor_straight, column_ruins_columns_T,
          nicolae_qazlal_style_of_elements, uniq_purgy
D:3:      layout_gridville, marbit_many_paths, nicolae_overflow_hidden_temple,
          gammafunk_ghost_gnarly_gnolls
D:4:      ossuary_the_hunt_dpeg, layout_loops_ring,
          nicolae_dithmenos_the_darkroom, minmay_temple_entry_gardened_gates

Skill      XL: |  1  2  3  4  5  6  7  8  9 |
---------------+----------------------------+-----
Whips & Flails | 1 2 3 4 5 7 8 11 13 | 13.4
Fighting       | |  1.1
Stealth        | |  1.1
Spellcasting   | |  1.0

Action                   |  1- 3 |  4- 6 |  7- 9 | 10-12 || total
-------------------------+-------+-------+-------+-------++-------
Melee: Demon whip        |    26 |    62 |   187 |    10 ||   285
       Nunchaku          |    16 |    36 |   118 |     5 ||   175
Throw: Stone             |       |       |    49 |       ||    49
       Bone              |       |       |    22 |       ||    22
       Rusty metal       |       |       |    20 |       ||    20
       Skull             |       |       |    20 |       ||    20
  Use: Scroll            |     1 |     1 |     1 |     1 ||     4
 Stab: Sleeping          |       |     3 |     5 |     1 ||     9
  Eat: Chunk             |       |     1 |     3 |       ||     4
       Ration            |       |       |     2 |       ||     2
Armor: Ring mail         |    13 |    31 |    65 |     2 ||   111
Dodge: Dodged            |     2 |     5 |    13 |       ||    20
Block: Nunchaku          |     4 |     6 |    32 |     1 ||    43
